Map: Romanticide LE

Players

sOs - Winner!

  • Race: Protoss Protoss
  • League: Master

DRG

  • Race: Zerg Zerg

Event: DreamHack SC2 Masters 2021 Fall

VOD

Have the link to the VOD?

Description

Time

  • Played on: July 21, 2021, 3:26 a.m.
  • Length: 14:59

All games in this series

Show
View Real Time Build Order
Export as new Build Order

sOs Protoss - Winner!

Build Orders: 1 Gate Expand, Oracle Opening, Carriers, Zealot Archon, Archon Drop 

Get SALT Encoding   

  12  0:00  Probe  
  13  0:15  Pylon  
  13  0:17  Probe (Chrono Boost)  
  14  0:26  Probe (Chrono Boost)  
  15  0:31  Probe (Chrono Boost)  
  16  0:40  Gateway  
  16  0:43  Probe  
  16  0:48  Assimilator  
  17  0:56  Probe  
  18  1:08  Probe  
  19  1:20  Probe  
  20  1:27  Nexus  
  20  1:34  Cybernetics Core  
  20  1:37  Probe  
  21  1:47  Assimilator  
  21  1:49  Probe  
  21  1:53  Pylon  
  22  2:01  Probe  
  22  2:08  Adept (Chrono Boost)  
  23  2:13  Probe  
  26  2:18  Stargate  
  26  2:25  Probe  
  26  2:28  Warp Gate  
  27  2:33  Adept  
  29  2:41  Probe (Chrono Boost)  
  29  2:42  Probe (Chrono Boost)  
  31  2:50  Probe (Chrono Boost)  
  33  2:53  Probe (Chrono Boost)  
  33  2:55  Probe (Chrono Boost)  
  34  3:02  Probe  
  34  3:03  Oracle (Chrono Boost)  
  35  3:07  Probe  
  39  3:14  Adept, Probe  
  39  3:19  Probe  
  43  3:22  Pylon  
  43  3:26  Probe  
  44  3:33  Void Ray (Chrono Boost)  
  44  3:36  Probe  
  44  3:38  Probe  
  50  3:45  Pylon  
  51  3:48  Probe  
  51  3:51  Probe  
  51  3:52  Assimilator  
  51  3:54  Assimilator  
  52  4:00  Probe  
  53  4:03  Probe  
  53  4:04  Void Ray (Chrono Boost)  
  58  4:12  Probe  
  58  4:15  Probe  
  60  4:22  Pylon  
  60  4:25  Nexus  
  60  4:29  Probe  
  60  4:30  Probe  
  62  4:36  Twilight Council  
  62  4:38  Robotics Facility  
  62  4:40  Void Ray  
  62  4:44  Pylon  
  62  4:49  Probe x2  
  68  4:54  Shield Battery  
  68  5:01  Probe x2  
  70  5:09  Gateway  
  70  5:10  Gateway  
  70  5:11  Gateway  
  70  5:14  Charge (Chrono Boost)  
  70  5:17  Probe x2  
  70  5:22  Warp Prism (Chrono Boost)  
  70  5:31  Templar Archives, Probe  
  70  5:32  Probe  
  72  5:36  Gateway  
  72  5:39  Gateway  
  72  5:45  Probe x3  
  72  5:48  Zealot  
  76  6:00  Gateway x2  
  76  6:06  Probe x2  
  76  6:07  Probe  
  76  6:09  Assimilator  
  76  6:11  Assimilator  
  79  6:16  Pylon, Gateway  
  79  6:17  Pylon  
  79  6:19  High Templar x4  
  79  6:21  Observer  
  79  6:23  Archon x2  
  88  6:26  Probe x3  
  88  6:27  Pylon  
  91  6:36  Zealot  
  93  6:43  Pylon  
  93  6:44  Pylon  
  92  6:53  Probe x2  
  92  6:54  Probe  
  95  7:00  Zealot x8  
  111  7:07  Robotics Bay  
  111  7:11  Forge  
  103  7:25  Probe  
  98  7:38  Void Ray, Immortal (Chrono Boost)  
  102  7:44  Gateway  
  102  7:46  Stargate  
  100  7:53  Zealot x3  
  100  7:54  Zealot x6  
  100  7:55  Photon Cannon  
  100  7:57  Protoss Ground Weapons Level 1, Shield Battery  
  118  8:06  Disruptor (Chrono Boost)  
  117  8:20  Shield Battery, Void Ray, Probe  
  117  8:23  Protoss Air Weapons Level 1 (Chrono Boost)  
  117  8:25  Void Ray  
  122  8:30  Observer  
  122  8:33  Nexus  
  126  8:35  Pylon  
  126  8:37  Disruptor  
  129  8:42  Fleet Beacon  
  129  8:44  Probe  
  130  8:53  Photon Cannon  
  130  8:58  Probe x3  
  130  9:00  Zealot x2  
  135  9:09  Stalker  
  131  9:10  Stalker  
  133  9:18  Photon Cannon  
  133  9:19  Photon Cannon  
  133  9:20  Shield Battery  
  133  9:23  Shield Battery  
  133  9:25  Carrier (Chrono Boost)  
  133  9:26  Flux Vanes  
  139  9:36  Pylon  
  139  9:38  Carrier (Chrono Boost)  
  138  9:48  Probe x3  
  132  9:53  Photon Cannon  
  132  9:55  Shield Battery  
  132  10:01  Probe x4  
  136  10:12  Assimilator, High Templar x4  
  144  10:14  Assimilator  
  144  10:17  Carrier (Chrono Boost)  
  151  10:29  Shield Battery, Carrier (Chrono Boost)  
  151  10:32  Pylon  
  151  10:33  Archon  
  151  10:34  Archon  
  154  10:47  Probe x3  
  154  10:48  Probe  
  156  10:56  Stargate  
  156  11:01  Pylon  
  152  11:04  Probe x2  
  152  11:05  Probe x2  
  152  11:06  Protoss Air Weapons Level 2  
  152  11:08  Carrier (Chrono Boost)  
  152  11:09  Photon Cannon  
  162  11:11  Pylon  
  162  11:22  Carrier (Chrono Boost)  
  162  11:25  High Templar x2  
  172  11:29  Archon  
  146  11:53  Nexus  
  146  11:54  Pylon  
  146  11:56  Pylon  
  146  11:59  Pylon  
  146  12:01  Pylon  
  146  12:02  Observer  
  147  12:16  Void Ray (Chrono Boost)  
  147  12:17  Void Ray x2 (Chrono Boost)  
  159  12:29  Photon Cannon, High Templar x4  
  163  12:34  Archon x2  
  164  12:44  Observer  
  164  12:47  Probe  
  164  12:48  Probe x2  
  167  13:03  Observer  
  167  13:07  Pylon  
  167  13:11  High Templar  
  167  13:12  High Templar x3  
  175  13:14  Zealot x6  
  175  13:17  Archon  
  175  13:18  Archon  
  151  13:51  Zealot x3  
  151  13:55  Zealot x7  
Show
View Real Time Build Order
Export as new Build Order

DRG Zerg 

Build Orders: Hatch First, Muta Ling Bane 

Get SALT Encoding   

  12  0:00  Drone  
  13  0:11  Overlord  
  13  0:16  Drone  
  14  0:30  Drone x2  
  16  0:46  Drone x2  
  18  0:54  Hatchery  
  17  0:58  Drone  
  17  1:01  Extractor  
  17  1:12  Spawning Pool  
  17  1:17  Drone  
  17  1:19  Drone  
  18  1:27  Drone  
  19  1:38  Drone  
  20  1:50  Hatchery  
  19  1:56  Drone  
  19  1:59  Drone  
  21  2:04  Metabolic Boost  
  21  2:07  Zergling x2  
  22  2:11  Drone  
  23  2:20  Queen  
  25  2:23  Drone  
  25  2:27  Overlord  
  26  2:35  Queen  
  28  2:45  Zergling x8  
  32  2:51  Drone  
  32  2:53  Drone  
  34  3:02  Spore Crawler  
  34  3:03  Spore Crawler  
  34  3:04  Drone x3  
  34  3:11  Queen, Overlord  
  38  3:15  Drone  
  38  3:22  Spore Crawler  
  38  3:23  Drone x2  
  38  3:26  Spore Crawler  
  38  3:29  Spore Crawler  
  38  3:31  Drone x2  
  38  3:33  Drone  
  40  3:36  Drone  
  40  3:38  Drone  
  40  3:41  Drone  
  43  3:42  Drone  
  43  3:47  Queen  
  46  3:52  Overlord  
  46  3:54  Drone  
  47  4:03  Zergling x6  
  47  4:04  Evolution Chamber  
  48  4:10  Drone  
  48  4:17  Drone x4  
  53  4:20  Drone  
  53  4:24  Drone  
  55  4:28  Drone x2  
  57  4:36  Extractor, Zerg Melee Weapons Level 1  
  57  4:37  Drone  
  57  4:38  Drone  
  58  4:42  Overlord  
  58  4:44  Overlord x2  
  58  4:49  Baneling Nest  
  56  4:54  Overlord  
  56  4:59  Overlord  
  56  5:01  Queen  
  61  5:07  Drone x6  
  61  5:08  Drone  
  61  5:11  Overlord  
  64  5:16  Zergling x4  
  64  5:20  Drone x2  
  67  5:21  Drone x3  
  67  5:27  Lair  
  70  5:29  Drone x3  
  70  5:31  Drone  
  70  5:33  Zergling x4  
  76  5:38  Drone x3  
  76  5:42  Overlord  
  79  5:44  Zergling x4  
  79  5:47  Queen  
  82  5:52  Extractor, Roach Warren  
  82  5:53  Extractor  
  82  5:54  Drone  
  82  5:56  Drone x2  
  81  6:01  Hatchery  
  81  6:03  Drone x2  
  82  6:05  Drone  
  82  6:09  Drone x5  
  88  6:11  Extractor  
  88  6:12  Extractor  
  88  6:15  Queen  
  87  6:19  Overlord  
  87  6:21  Overlord  
  87  6:23  Queen  
  89  6:32  Roach x4  
  97  6:33  Glial Reconstitution  
  97  6:35  Zerg Melee Weapons Level 2  
  97  6:39  Overlord  
  99  6:40  Roach x2  
  99  6:44  Overlord  
  101  6:48  Overlord  
  101  6:49  Roach x3  
  101  6:53  Roach x2  
  111  6:56  Overlord  
  111  7:04  Roach x5  
  111  7:05  Roach  
  123  7:14  Roach x4  
  124  7:20  Roach x3  
  127  7:30  Drone x6  
  127  7:35  Drone x3  
  134  7:41  Drone x3  
  137  7:52  Zergling x8  
  137  7:56  Spire  
  140  8:00  Drone x6  
  146  8:06  Overseer  
  146  8:08  Zergling x2  
  146  8:09  Zergling x8  
  146  8:11  Centrifical Hooks  
  149  8:14  Zergling x8  
  151  8:21  Pneumatized Carapace  
  151  8:24  Overlord  
  151  8:28  Extractor  
  151  8:30  Overlord  
  150  8:35  Hatchery  
  148  8:43  Drone x5  
  148  8:44  Zergling x14  
  148  8:45  Baneling x8  
  160  8:54  Zerg Missile Weapons Level 1  
  160  8:56  Zergling x16  
  166  9:04  Zergling x2  
  165  9:11  Overlord  
  165  9:12  Baneling x7  
  165  9:13  Zergling x2, Baneling x6  
  165  9:14  Zergling x6  
  167  9:20  Overlord  
  167  9:21  Overlord x2  
  167  9:25  Infestation Pit, Overlord, Overseer  
  167  9:26  Evolution Chamber  
  167  9:29  Overlord  
  165  9:32  Zergling x2  
  165  9:33  Zergling x12, Ravager  
  165  9:34  Ravager x2  
  165  9:37  Overlord  
  171  9:47  Mutalisk x3  
  171  9:51  Zergling x20  
  185  9:53  Queen  
  185  9:55  Zergling x8  
  185  9:57  Baneling x14  
  191  10:02  Hive  
  191  10:04  Zergling x2  
  191  10:05  Zergling x12  
  191  10:07  Baneling x5  
  198  10:11  Zergling x4  
  200  10:18  Baneling  
  200  10:19  Baneling x13  
  200  10:29  Overlord  
  195  10:48  Ravager x4  
  196  10:58  Zergling x2  
  196  10:59  Zergling x8  
  197  11:07  Zerg Ground Armor Level 1  
  197  11:08  Zerg Missile Weapons Level 2  
  197  11:09  Hatchery  
  197  11:11  Zergling x8  
  197  11:14  Baneling x8  
  197  11:16  Adrenal Glands  
  197  11:18  Greater Spire  
  200  11:19  Overseer  
  200  11:21  Ultralisk Cavern  
  199  11:26  Spine Crawler  
  199  11:27  Zergling x4  
  199  11:28  Spine Crawler  
  196  11:33  Zergling x8  
  184  11:42  Queen x3  
  184  11:43  Corruptor x5  
  195  11:51  Pathogen Glands  
  194  11:54  Queen x2, Extractor  
  197  12:11  Drone x2  
  197  12:13  Spore Crawler  
  197  12:14  Spore Crawler x2  
  197  12:15  Spore Crawler  
  195  12:18  Queen x2  
  199  12:26  Chitinous Plating  
  199  12:42  Infestor x4  
  197  12:46  Infestor  
  199  12:53  Hatchery  
  199  12:58  Infestor  
  195  13:03  Drone x4  
  199  13:05  Spore Crawler  
  199  13:06  Neural Parasite  
  199  13:07  Burrow  
  199  13:08  Spore Crawler  
  197  13:19  Zergling x4  
  149  13:42  Ultralisk x3  
  149  13:43  Infestor  
  149  13:45  Anabolic Synthesis  
  153  13:51  Zergling x6  
  153  13:52  Zergling x22, Queen x3  
  153  13:54  Ultralisk  
  165  14:03  Zergling x16  
  165  14:04  Zergling x4  
  165  14:08  Zergling x22  
  165  14:09  Queen  
  156  14:18  Queen  

Tags
 
Add a new tag
Caveats
  • Supply blocks, unpowered buildings, or Contaminate may cause inaccurate times.
  • Supply counts are checked every 10 seconds.